 Dungeon Crawl Stone Soup version 0.31-a0-1008-g5b978dac0e (webtiles) character file.

Game seed: 14320549640452680605

1 1111 the Conjurer (level 1, 12/12 HPs)
             Began as a Tengu Reaver on Nov 12, 2023.
             Quit the game on level 1 of the Dungeon.
             The game lasted 00:00:53 (70 turns).

1111 the Conjurer (Tengu Reaver)                      Turns: 70, Time: 00:00:54

Health: 12/12      AC:  3    Str: 12    XL:     1   Next: 20%
Magic:  4/4        EV: 26    Int: 13    God:
Gold:   5          SH:  0    Dex: 12    Spells: 3/4 levels left

rFire   . . .        a - +0 hand axe
rCold   . . .        (no shield)
rNeg    . . .        b - +0 leather armour
rPois   .            (helmet restricted)
rElec   .            (no cloak)
rCorr   .            (no gloves)
SInv    .            (boots unavailable)
Will    .....        (no amulet)
Stlth   +            (no ring)
HPRegen 0.22/turn    (no ring)
MPRegen 0.09/turn

%: acrobat
@: acrobatic
A: beak, talons 3, acrobatic
a: no special abilities


You were on level 1 of the Dungeon.
You visited 1 branch of the dungeon, and saw 1 of its levels.

You collected 5 gold pieces.

Inventory:

Hand Weapons
 a - a +0 hand axe (weapon)
Armour
 b - a +0 leather armour (worn)


   Skills:
 + Level 2.0 Fighting
 + Level 3.3 Axes
 + Level 2.2 Dodging
 + Level 2.0 Spellcasting
 + Level 4.0 Conjurations


You had 3 spell levels left.
You knew the following spells:

 Your Spells              Type           Power      Damage    Failure   Level
a - Kiss of Death         Conj/Necr      24%        2d7       14%         1

Your spell library contained the following spells:

 Spells                   Type           Power      Damage    Failure   Level
 Momentum Strike          Conj/Tloc      12%        3d8       22%         2
 Hailstorm                Conj/Ice       6%         3d4       38%         3


Dungeon Overview and Level Annotations

Branches:
Dungeon (1/15)

Altars:


Innate Abilities, Weirdness & Mutations

You have a beak for a mouth.
You have claws for feet.
You can magically evade attacks while moving or waiting.


Message History

Welcome, 1111 the Tengu Reaver.
The splendid Orb of Zot lies far below, as if waiting for you to find it.
Press ? for a list of commands and other information.
Found a dagger and 5 gold pieces.
Found a staircase leading out of the dungeon.
Found a cloak.
You now have 5 gold pieces.
You see here a +0 dagger.
You see here a +0 dagger.
A ball python and a giant cockroach come into view.
You see here a +0 cloak.
There is a staircase leading out of the dungeon here.
The ball python completely misses you. The ball python barely misses you.
The ball python misses you. The ball python completely misses you.
You hit the ball python but do no damage.
The ball python barely misses you. The ball python completely misses you.
You hit the ball python.
The ball python is severely wounded.
The ball python barely misses you. The ball python closely misses you.
The ball python barely misses you. The ball python grabs you.
The ball python constricts you.
You hit the ball python.
You kill the ball python!
Welcome back, 1111 the Tengu Reaver.
Press ? for a list of commands and other information.
Are you sure you want to abandon this character and quit the game? (Confirm with "yes".)

####.#### ##.......##
##.........## #
##...........## ##.
#.............# #
..##.............# .
...#.#.............#.#
#.........<.........
..#.#.)@..........#.
.. #.............# .
#.............#
##...........##
##.........##
##.......## ####.####
#.[.# ......#.#......


There were no monsters in sight!

Vanquished Creatures
  A ball python (D:1)
1 creature vanquished.

Notes
Turn   | Place    | Note
-------+----------+-------------------------------------------
     0 | D:1      | 1111 the Tengu Reaver began the quest for the Orb.
     0 | D:1      | Reached XP level 1. HP: 12/12 MP: 4/4
    70 | D:1      | Quit the game

Illustrated notes

Levels and vault maps discovered:
D:1:      psy_arrival_dodecagon, layout_rooms, serial_shops,
          nicolae_shop_overgrown_old_shop, chequers_jeans

Action                     || total
---------------------------++-------
  Melee: Hand axe          ||     3
  Dodge: Dodged            ||     9

Table legend: (Time is in decaauts)
 A = Elapsed time spent in this place.
 B = Non-inter-level travel time spent in this place.
 C = Inter-level travel time spent in this place.
 D = Time resting spent in this place.
 E = Time spent auto-exploring this place.
 F = Levels seen in this place.
 G = Mean time per level.
                   A        B        C        D        E       F      G
               +--------+--------+--------+--------+--------+-----+--------+
         Total |     70 |     40 |     30 |      0 |      0 |   1 |   70.0 |
       Dungeon |     70 |     40 |     30 |      0 |      0 |   1 |   70.0 |
               +--------+--------+--------+--------+--------+-----+--------+

Top non-repeatable levels by time:
     D:1: 70 daAuts
